Map: Romanticide LE

Players

Nice

  • Race: Protoss Protoss

Has - Winner!

  • Race: Protoss Protoss

Event: DreamHack SC2 Masters 2021 Fall

VOD

Have the link to the VOD?

Description

Time

  • Played on: July 31, 2021, 9:45 a.m.
  • Length: 10:25

All games in this series

Show
View Real Time Build Order
Export as new Build Order

Nice Protoss 

Build Orders:  

Get SALT Encoding   

  12  0:00  Probe  
  13  0:12  Probe  
  14  0:17  Pylon  
  14  0:24  Probe  
  15  0:36  Gateway, Probe (Chrono Boost)  
  16  0:46  Assimilator  
  16  0:47  Probe (Chrono Boost)  
  17  0:51  Probe (Chrono Boost)  
  17  0:55  Assimilator  
  18  1:03  Probe (Chrono Boost)  
  19  1:10  Gateway  
  19  1:14  Probe (Chrono Boost)  
  20  1:20  Probe  
  21  1:25  Cybernetics Core  
  21  1:32  Probe  
  22  1:37  Pylon  
  22  1:44  Probe  
  23  1:56  Probe  
  24  2:02  Sentry, Stalker  
  24  2:06  Warp Gate (Chrono Boost)  
  28  2:08  Probe  
  29  2:15  Pylon  
  29  2:28  Pylon  
  29  2:31  Stalker  
  29  2:33  Stalker  
  33  2:57  Nexus  
  33  3:05  Shield Battery  
  33  3:07  Sentry  
  33  3:10  Sentry  
  37  3:16  Pylon  
  37  3:20  Probe  
  38  3:29  Shield Battery  
  38  3:32  Probe  
  39  3:44  Probe (Chrono Boost)  
  40  3:50  Adept x2  
  45  3:57  Probe (Chrono Boost)  
  45  3:59  Twilight Council  
  45  4:12  Stalker  
  45  4:14  Stalker  
  47  4:24  Probe x2  
  44  4:36  Probe (Chrono Boost)  
  44  4:37  Probe (Chrono Boost)  
  46  4:40  Blink  
  44  4:48  Sentry, Probe (Chrono Boost)  
  46  4:54  Stalker, Probe (Chrono Boost)  
  46  4:56  Probe (Chrono Boost)  
  49  5:00  Probe (Chrono Boost)  
  49  5:02  Probe  
  49  5:04  Pylon  
  51  5:09  Forge  
  51  5:12  Sentry  
  51  5:13  Probe (Chrono Boost)  
  54  5:17  Probe (Chrono Boost)  
  55  5:24  Probe (Chrono Boost)  
  55  5:25  Robotics Facility  
  55  5:26  Probe (Chrono Boost)  
  57  5:30  Probe (Chrono Boost)  
  57  5:31  Probe (Chrono Boost)  
  57  5:32  Pylon  
  59  5:40  Probe  
  59  5:41  Protoss Ground Weapons Level 1 (Chrono Boost)  
  59  5:44  Probe  
  60  5:52  Nexus  
  60  5:54  Probe  
  61  5:59  Probe  
  61  6:01  Assimilator, Pylon  
  62  6:05  Stalker  
  64  6:12  Stalker  
  64  6:13  Probe x2  
  64  6:17  Observer (Chrono Boost)  
  69  6:20  Shield Battery  
  69  6:21  Pylon  
  69  6:25  Probe x2  
  71  6:34  Observer (Chrono Boost)  
  71  6:36  Stalker  
  71  6:37  Probe  
  75  6:40  Stalker  
  75  6:46  Probe  
  72  6:52  Observer  
  72  6:54  Probe  
  69  6:58  Probe (Chrono Boost)  
  69  7:08  Probe (Chrono Boost)  
  71  7:11  Probe (Chrono Boost)  
  72  7:16  Probe (Chrono Boost)  
  72  7:17  Probe (Chrono Boost)  
  72  7:19  Gateway x2  
  72  7:20  Zealot, Probe (Chrono Boost)  
  72  7:22  Probe x2 (Chrono Boost)  
  77  7:25  Charge  
  77  7:28  Gateway x2  
  78  7:30  Probe  
  78  7:34  Probe x2  
  78  7:35  Pylon  
  81  7:42  Probe  
  81  7:43  Gateway  
  82  7:45  Protoss Ground Weapons Level 2 (Chrono Boost)  
  82  7:46  Probe x2  
  82  7:48  Gateway  
  84  7:57  Immortal  
  89  7:58  Probe  
  89  8:00  Probe  
  90  8:08  Probe  
  90  8:10  Probe  
  90  8:12  Probe  
  93  8:13  Assimilator  
  93  8:17  Pylon  
  93  8:19  Pylon  
  93  8:20  Pylon, Zealot  
  93  8:21  Templar Archives  
  93  8:23  Zealot  
  93  8:25  Shield Battery  
  93  8:26  Shield Battery  
  97  8:31  Stalker  
  97  8:32  Stalker  
  101  8:35  Zealot  
  103  8:47  Photon Cannon x2  
  101  8:48  Pylon  
  101  8:50  Photon Cannon, Zealot  
  102  8:57  High Templar  
  102  8:58  High Templar, Zealot x2  
  102  9:02  Archon  
  110  9:05  Assimilator, Warp Prism (Chrono Boost)  
  108  9:16  Zealot x2  
  108  9:17  Zealot x2  
  98  9:23  Stalker  
  98  9:24  Stalker  
  98  9:30  Stalker x2  
  84  9:38  Immortal (Chrono Boost)  
  84  9:39  Stalker  
  84  9:40  Stalker  
  84  9:43  Zealot  
Show
View Real Time Build Order
Export as new Build Order

Has Protoss - Winner!

Build Orders: Oracle Opening 

Get SALT Encoding   

  12  0:00  Probe  
  13  0:12  Probe  
  14  0:17  Pylon  
  14  0:24  Probe (Chrono Boost)  
  16  0:36  Gateway, Probe (Chrono Boost)  
  16  0:43  Probe (Chrono Boost)  
  16  0:46  Assimilator  
  17  0:50  Probe  
  18  0:59  Assimilator  
  18  1:03  Probe (Chrono Boost)  
  19  1:13  Probe (Chrono Boost)  
  19  1:18  Probe (Chrono Boost)  
  20  1:19  Gateway  
  20  1:24  Cybernetics Core  
  21  1:29  Probe  
  22  1:35  Pylon  
  22  1:41  Probe  
  23  1:53  Probe  
  24  2:01  Stalker, Warp Gate  
  26  2:07  Stalker, Probe  
  29  2:14  Pylon  
  30  2:25  Pylon  
  31  2:40  Probe  
  34  2:50  Stargate  
  34  2:51  Adept  
  32  2:53  Adept  
  34  3:06  Nexus  
  34  3:11  Pylon  
  34  3:16  Probe  
  34  3:28  Probe  
  34  3:31  Twilight Council  
  34  3:33  Oracle (Chrono Boost)  
  35  3:40  Probe  
  39  3:49  Adept  
  39  3:50  Adept  
  39  3:54  Probe  
  44  4:00  Shield Battery  
  44  4:06  Pylon  
  45  4:14  Probe  
  45  4:24  Shield Battery  
  42  4:26  Probe  
  42  4:29  Stalker  
  42  4:30  Stalker  
  44  4:35  Probe  
  45  4:38  Probe  
  45  4:47  Probe (Chrono Boost)  
  45  4:49  Dark Shrine  
  45  4:51  Probe (Chrono Boost)  
  46  4:57  Blink (Chrono Boost)  
  46  4:59  Probe (Chrono Boost)  
  47  5:03  Probe (Chrono Boost)  
  48  5:07  Probe (Chrono Boost)  
  48  5:09  Probe (Chrono Boost)  
  48  5:14  Probe  
  50  5:16  Forge  
  51  5:29  Nexus  
  51  5:31  Probe  
  51  5:32  Probe (Chrono Boost)  
  53  5:43  Probe (Chrono Boost)  
  53  5:44  Probe (Chrono Boost)  
  53  5:47  Protoss Ground Weapons Level 1 (Chrono Boost), Stalker x2  
  59  5:53  Assimilator, Probe (Chrono Boost)  
  59  5:54  Probe (Chrono Boost)  
  61  5:57  Probe (Chrono Boost)  
  61  6:02  Gateway  
  61  6:03  Probe  
  63  6:09  Probe  
  64  6:13  Dark Templar x2  
  64  6:16  Probe  
  69  6:19  Gateway  
  69  6:21  Pylon  
  69  6:23  Probe  
  72  6:40  Probe x2  
  72  6:44  Probe (Chrono Boost)  
  73  6:52  Probe x2 (Chrono Boost)  
  71  6:56  Probe (Chrono Boost)  
  71  7:00  Stalker x3  
  76  7:03  Probe x2 (Chrono Boost)  
  76  7:05  Gateway, Robotics Facility, Probe (Chrono Boost)  
  76  7:07  Gateway  
  76  7:08  Probe x2 (Chrono Boost)  
  79  7:10  Charge (Chrono Boost)  
  79  7:11  Assimilator  
  79  7:12  Pylon  
  81  7:16  Stalker  
  81  7:18  Probe  
  81  7:19  Probe  
  86  7:25  Photon Cannon  
  86  7:28  Stalker x3  
  91  7:34  Probe x2  
  91  7:35  Photon Cannon  
  93  7:39  Gateway  
  93  7:43  Protoss Ground Weapons Level 2 (Chrono Boost), Gateway  
  93  7:45  Stalker  
  95  7:53  Observer  
  95  7:56  Assimilator  
  95  7:58  Zealot x2  
  98  8:02  Pylon  
  98  8:03  Pylon  
  97  8:18  Stalker x2  
  101  8:21  Pylon, Stalker x4  
  101  8:24  Probe x3  
  112  8:29  Pylon, Warp Prism (Chrono Boost)  
  112  8:31  Pylon  
  114  8:48  Stalker x6  
  124  8:51  Stalker  
  124  8:54  Stalker  
  128  9:08  Pylon  
  128  9:14  Stalker x6  
  129  9:23  Stalker x2  
  117  9:48  Stalker x7  

Tags
 
Add a new tag
Caveats
  • Supply blocks, unpowered buildings, or Contaminate may cause inaccurate times.
  • Supply counts are checked every 10 seconds.